 Dungeon Sprint DCSS version 0.29-a0-620-g13ace881f2 (webtiles) character file.

Game seed: 18015496305321150852

2588 rocky1 the Grappler (level 9, -13/109 HPs)
             Began as a Green Draconian Transmuter on June 19, 2022.
             Was a High Priest of Sif Muna.
             Killed from afar by a hell hog (46 damage)
             ... with a fireball
             ... in the Dungeon (Sprint VII: "The Pits").
             The game lasted 00:09:12 (1566 turns).

rocky1 the Grappler (Green Draconian Transmuter)    Turns: 1566, Time: 00:09:13

Health: -13/109    AC: 17    Str: 23    XL:     9   Next: 32%
Magic:  13/17      EV: 13    Int: 17    God:    Sif Muna [*****.]
Gold:   0          SH:  0    Dex: 15    Spells: 1/18 levels left

rFire   . . .      SeeInvis .     - Unarmed
rCold   . . .      Faith    .   (shield currently unavailable)
rNeg    . . .      Spirit   .   (body armour unavailable)
rPois   +          Reflect  .   (helmet currently unavailable)
rElec   .          Harm     .   (cloak currently unavailable)
rCorr   .          Rampage  .   (gloves currently unavailable)
Will    .....      NoTele   +   (boots currently unavailable)
Stlth   +.........              (no amulet)
HPRegen 0.28/turn               k - +3 ring of dexterity
MPRegen 0.15/turn               l - +3 ring of evasion

@: dragon-form, flying
A: dragon claw, dragon scales, flying, boosted hp, breathe noxious fumes, AC +7,
giant, unfitting armour, (poison resistance), (cold-blooded)
a: Breathe Noxious Fumes, End Transformation, Renounce Religion, Channel Magic,
Forget Spell, Divine Exegesis


You were in the Dungeon.
You worshipped Sif Muna.
Sif Muna was extremely pleased with you.
You were a fearsome swamp dragon!
You visited 1 branch

Inventory:

Armour
 n - a +0 pair of boots (melded)
Jewellery
 k - a +3 ring of dexterity (left foreclaw)
 l - a +3 ring of evasion (right foreclaw)
Scrolls
 g - a scroll of blinking
 i - 5 scrolls of amnesia
 j - a scroll of summoning
Potions
 a - a potion of lignification
 b - 7 potions of curing
 c - 8 potions of heal wounds
 d - a potion of haste
 e - 4 potions of magic
 f - 6 potions of berserk rage
 h - 2 potions of invisibility
 m - 2 potions of brilliance


   Skills:
 - Level 4.8 Fighting
 - Level 5.9 Dodging
 - Level 0.3 Stealth
 * Level 14.2 Unarmed Combat
 - Level 5.4 Spellcasting
 + Level 9.7 Transmutations
 - Level 3.1 Ice Magic
 - Level 3.8 Poison Magic
 + Level 9.5 Invocations


You had one spell level left.
You knew the following spells:

 Your Spells              Type           Power      Damage    Failure   Level
a - Beastly Appendage     Tmut           74%        N/A       1%          1
b - Wereblood             Tmut           37%        N/A       1%          2
c - Spider Form           Tmut/Pois      27%        N/A       2%          3
d - Ice Form              Ice/Tmut       26%        N/A       10%         4
e - Dragon Form           Tmut           18%        N/A       91%         7

Your spell library contained the following spells:

 Spells                   Type           Power      Damage    Failure   Level
 Necrotize                Necr           16%        1d4       14%         1
 Passwall                 Tmut/Erth      17%        N/A       2%          2
 Frozen Ramparts          Ice            30%        1d5       11%         3
 Alistair's Intoxication  Tmut/Pois      18%        N/A       24%         5
 Summon Ice Beast         Ice/Summ       10%        N/A       56%         4
 Death Channel            Necr           2%         N/A       100%        6
 Infestation              Necr           2%         N/A       100%        8
 Necromutation            Tmut/Necr      10%        N/A       100%        8


Dungeon Overview and Level Annotations

Branches:
Dungeon (1/1)

Altars:
Ashenzari
Cheibriados
Dithmenos
Elyvilon
Fedhas
Gozag
Hepliaklqana
Kikubaaqudgha
Makhleb
Nemelex Xobeh
Okawaru
Qazlal
Ru
Sif Muna
Trog
Uskayaw
Vehumet
Wu Jian
Xom
Yredelemnul
Zin
The Shining One
Beogh
Jiyva
Lugonu


Innate Abilities, Weirdness & Mutations

You are a fearsome swamp dragon!
You have a powerful clawing attack.
Your giant scaled body is strong and resiliant, but less evasive.
Your breath weapon is enhanced in this form.
You are flying.
Your maximum health is greatly increased.
Your armour is entirely melded.
You are incapable of wielding weapons or throwing items.
You can breathe blasts of noxious fumes.
Your lurid green scales are hard. (AC +7)
You cannot fit into any form of body armour.
((Your system is resistant to poisons. (rPois)))
((You are cold-blooded and may be slowed by cold attacks.))


Message History

Your base attributes are Str 13, Int 15, Dex 12.
Increase (S)trength, (I)ntelligence, or (D)exterity?
You feel clever. x2; Your scales feel tougher.
As you open the door, it creaks loudly!
There is an open door here.
You reach down and open the door.
A wolf and a hell hog come into view.
The hell hog squeals angrily.
You hear an angry hiss.
A wolf comes into view.
The hell hog breathes fire at you.
The fireball explodes!
The fireball engulfs you!!
A hell hog comes into view.
The hell hog squeals angrily.
You hear an angry squeal.
A wolf comes into view.
A hell hog comes into view.
You hit the hell hog.
You tail-slap the hell hog, but do no damage.
The hell hog is lightly wounded.
You maul the hell hog!!!
You kill the hell hog!
Sif Muna accepts your kill.
Sif Muna will now gift you books as you gain piety.
Your Unarmed Combat skill increases to level 14!
Your Invocations skill increases to level 9!
You claw the hell hog!
The hell hog is lightly wounded.
The hell hog bites you!
A komodo dragon comes into view.
A wolf comes into view.
You maul the hell hog!!!
You bite the hell hog, but do no damage.
The hell hog is almost dead.
The hell hog closely misses you.
You maul the hell hog!!!
You kill the hell hog!
Sif Muna accepts your kill.
You see here a book of Burglary.
Sif Muna grants you a gift! The hell hog breathes fire at you.
The fireball explodes!
The fireball engulfs you!!!
You die...

....##..#
<...##..#### #+#
....##..#..#####.##
....##..#....##...#
....##..'.....#...#
######..'.....'...+
######.)'.....#...#
..[[##..#....##...#
..[.##..#..#####D##
..))##..#### #†#
..))##..#


hhh ..))##..# .h... ######### ####### You could see a hell hog (catching breath)
and 3 wolves.

Vanquished Creatures
  2 hell hogs (D)
  An orange demon (D)
  A cane toad (D)
  A freezing wraith (D)
  A flying skull (D)
  A wraith (D)
  A steam dragon (D)
  A floating eye (D)
  An orc warrior (D)
  A sky beast (D)
  2 centaurs (D)
  A scorpion (D)
  3 wights (D)
  An orc wizard (D)
  A gnoll (D)
  2 river rats (D)
  An adder (D)
  A white imp (D)
  2 orcs (D)
  2 endoplasms (D)
  A giant cockroach (D)
  2 goblins (D)
  A hobgoblin (D)
  8 jackals (D)
39 creatures vanquished.

Notes
Turn   | Place    | Note
-------+----------+-------------------------------------------
     0 | D        | rocky1 the Draconian Transmuter began the quest for the
                  | Orb.
     0 | D        | Reached XP level 1. HP: 16/16 MP: 3/3
    17 | D        | Reached skill level 4 in Unarmed Combat
    17 | D        | Reached XP level 2. HP: 22/23 MP: 2/5
    22 | D        | Found a bloodstained altar of Trog.
    22 | D        | Found a shimmering blue altar of Sif Muna.
    22 | D        | Found a viscous altar of Jiyva.
    22 | D        | Found a hazy altar of Hepliaklqana.
    22 | D        | Found an opulent altar of Gozag.
    24 | D        | Found a glowing golden altar of the Shining One.
    24 | D        | Found a glowing silver altar of Zin.
    24 | D        | Found a basalt altar of Yredelemnul.
    24 | D        | Found a shimmering altar of Xom.
    24 | D        | Found an ornate altar of the Wu Jian Council.
    24 | D        | Found a sacrificial altar of Ru.
    24 | D        | Found a stormy altar of Qazlal.
    24 | D        | Found an iron altar of Okawaru.
    24 | D        | Found a sparkling altar of Nemelex Xobeh.
    24 | D        | Found a burning altar of Makhleb.
    24 | D        | Found a blossoming altar of Fedhas.
    24 | D        | Found a white marble altar of Elyvilon.
    24 | D        | Found a shadowy altar of Dithmenos.
    24 | D        | Found a snail-covered altar of Cheibriados.
    26 | D        | Found a radiant altar of Vehumet.
    26 | D        | Found a corrupted altar of Lugonu.
    27 | D        | Found a hide-covered altar of Uskayaw.
    27 | D        | Found an ancient bone altar of Kikubaaqudgha.
    27 | D        | Found a broken altar of Ashenzari.
    29 | D        | Became a worshipper of Sif Muna the Loreminder
   234 | D        | Reached * piety under Sif Muna
   245 | D        | Reached ** piety under Sif Muna
   246 | D        | Reached skill level 5 in Unarmed Combat
   246 | D        | Reached XP level 3. HP: 10/28 MP: 7/7
   544 | D        | Noticed a floating eye
   548 | D        | Paralysed by a floating eye for 4 turns
   559 | D        | Killed a floating eye
   560 | D        | Reached skill level 7 in Unarmed Combat
   560 | D        | Reached XP level 4. HP: 29/36 MP: 7/10
   560 | D        | Reached XP level 5. HP: 33/41 MP: 7/11
   561 | D        | Reached *** piety under Sif Muna
   623 | D        | Learned a level 2 spell: Wereblood
   627 | D        | Learned a level 3 spell: Spider Form
   632 | D        | Learned a level 4 spell: Ice Form
   691 | D        | Noticed a centaur
   700 | D        | Reached **** piety under Sif Muna
   710 | D        | Reached skill level 1 in Ice Magic
   710 | D        | Reached skill level 1 in Poison Magic
   710 | D        | Reached skill level 1 in Invocations
   711 | D        | Killed a centaur
   712 | D        | Reached skill level 5 in Dodging
   712 | D        | Reached skill level 8 in Unarmed Combat
   712 | D        | Reached XP level 6. HP: 34/51 MP: 9/13
   715 | D        | Reached skill level 5 in Spellcasting
   715 | D        | Reached skill level 5 in Transmutations
   742 | D        | Reached ***** piety under Sif Muna
   768 | D        | Received a gift from Sif Muna
   769 | D        | Reached skill level 9 in Unarmed Combat
   769 | D        | Got Sif Muna's Papyrus of Nocuous Transmutation {god gift}
   980 | D        | Noticed a wraith
   989 | D        | Killed a wraith
   990 | D        | Your scales start taking on a lurid green colour.
   990 | D        | Reached XP level 7. HP: 20/60 MP: 11/15
   990 | D        | Gained mutation: Your system is resistant to poisons.
                  | (rPois) [Green Draconian growth]
  1297 | D        | Noticed a flying skull
  1305 | D        | Reached skill level 10 in Unarmed Combat
  1305 | D        | Reached skill level 5 in Invocations
  1306 | D        | Killed a flying skull
  1311 | D        | Noticed a freezing wraith
  1311 | D        | Noticed a cane toad
  1315 | D        | Killed a cane toad
  1315 | D        | Received a gift from Sif Muna
  1316 | D        | Reached skill level 11 in Unarmed Combat
  1316 | D        | Reached XP level 8. HP: 67/67 MP: 10/16
  1323 | D        | Killed a freezing wraith
  1324 | D        | Reached skill level 12 in Unarmed Combat
  1332 | D        | Got Sif Muna's Tome of Freezing Darkness {god gift}
  1456 | D        | Learned a level 7 spell: Dragon Form
  1527 | D        | Noticed an orange demon
  1540 | D        | Killed an orange demon
  1541 | D        | Reached skill level 13 in Unarmed Combat
  1546 | D        | Reached XP level 9. HP: 64/73 MP: 10/17
  1559 | D        | Noticed a hell hog
  1560 | D        | Noticed a hell hog
  1561 | D        | Noticed a hell hog
  1563 | D        | Killed a hell hog
  1564 | D        | Reached skill level 14 in Unarmed Combat
  1564 | D        | Noticed a komodo dragon
  1566 | D        | Killed a hell hog
  1566 | D        | Received a gift from Sif Muna
  1566 | D        | Killed from afar by a hell hog

Illustrated notes

Levels and vault maps discovered:
D:        pitsprint [storerooms_1, entrance_room_1, metal_vault_1, armoury_3,
          mini_pit_1, grid_room_1, main_hall_1, silver_pit, the_coven_3,
          the_vestibule_1, steel_vault_4, golden_pit, hallway_of_sentries,
          crystal_vault_3, iron_vault_2, final_vault]

Skill      XL: |  1  2  3  4  5  6  7  8  9 |
---------------+----------------------------+-----
Dodging        | 2 3 4 5 |  5.9
Unarmed Combat | 4 5 7 8 9 11 13 14 | 14.2
Spellcasting   | 3 4 5 |  5.4
Fighting       | 2 3 4 |  4.8
Transmutations | 4 5 7 9 |  9.7
Ice Magic      | 2 3 |  3.1
Poison Magic   | 2 3 |  3.8
Invocations    | 2 4 6 8 9 |  9.5
Stealth        | |  0.3

Action                   |  1- 3 |  4- 6 |  7- 9 || total
-------------------------+-------+-------+-------++-------
Melee: Unarmed           |    32 |    55 |    34 ||   121
       Kick              |     8 |    12 |       ||    20
       Headbutt          |     5 |     7 |       ||    12
       Tailslap          |     4 |     6 |    10 ||    20
       Punch             |       |     3 |     2 ||     5
       Bite              |       |       |     3 ||     3
 Cast: Beastly Appendage |     4 |     4 |       ||     8
       Wereblood         |       |     1 |       ||     1
       Ice Form          |       |     1 |       ||     1
       Dragon Form       |       |       |     2 ||     2
Invok: Divine Exegesis   |       |       |     2 ||     2
 Abil: Breathe Noxious F |       |       |     1 ||     1
  Use: Potion            |       |     2 |       ||     2
Armor: Skin              |     9 |     3 |    13 ||    25
Dodge: Dodged            |    22 |    23 |    18 ||    63

Table legend: (Time is in decaauts)
 A = Elapsed time spent in this place.
 B = Non-inter-level travel time spent in this place.
 C = Inter-level travel time spent in this place.
 D = Time resting spent in this place.
 E = Time spent auto-exploring this place.
 F = Levels seen in this place.
 G = Mean time per level.
                   A        B        C        D        E       F      G
               +--------+--------+--------+--------+--------+-----+--------+
         Total |   1566 |   1550 |     16 |   1085 |      0 |   1 | 1566.0 |
       Dungeon |   1566 |   1550 |     16 |   1085 |      0 |   1 | 1566.0 |
               +--------+--------+--------+--------+--------+-----+--------+

Top non-repeatable levels by time:
       D: 1566 daAuts
